 Dungeon Crawl Stone Soup version 0.30-a0-358-g0d69a19 (webtiles) character file.

Game seed: 17670696822980386790

140 Dorkslayer the Covered (level 5, -1/41 HPs)
             Began as a Human Fighter on Nov 10, 2022.
             Slain by a gnoll
             ... wielding a +0 spear
              (2 damage)
             ... on level 4 of the Dungeon.
             The game lasted 00:05:14 (2421 turns).

Dorkslayer the Covered (Human Fighter)              Turns: 2421, Time: 00:05:15

Health: -1/41      AC:  7    Str: 17    XL:     5   Next: 46%
Magic:  5/5        EV:  9    Int:  8    God:
Gold:   184        SH:  5    Dex: 14    Spells: 4/4 levels left

rFire   + . .      SeeInvis .    a - +2 long sword
rCold   + . .      Faith    .    c - +0 buckler
rNeg    . . .      Spirit   .    b - +0 scale mail
rPois   +          Reflect  .    g - +1 hat
rElec   +          Harm     .    (no cloak)
rCorr   +          Rampage  .    (no gloves)
Will    .....                    (no boots)
Stlth   ..........               (no amulet)
HPRegen 0.26/turn                (no ring)
MPRegen 0.09/turn                (no ring)

@: mighty, resistant
A: no striking features
a: no special abilities


You were on level 4 of the Dungeon.
You visited 1 branch of the dungeon, and saw 4 of its levels.

You collected 184 gold pieces.

Inventory:

Hand Weapons
 a - a +2 long sword (weapon)
Missiles
 h - 5 atropa-tipped darts
 k - 17 poisoned darts (quivered)
 q - 2 boomerangs
Armour
 b - a +0 scale mail (worn)
 c - a +0 buckler (worn)
 g - a +1 hat (worn)
Scrolls
 i - 5 scrolls of teleportation
 m - a scroll of poison {unknown}
 n - a scroll of blinking
 o - a scroll of torment {unknown}
 p - 2 scrolls of butterflies {unknown}
 r - a scroll of fear {unknown}
 s - a scroll of magic mapping
Potions
 d - a potion of might
 f - 2 potions of brilliance {unknown}
 j - a potion of degeneration {unknown}
 l - a potion of mutation {unknown}


   Skills:
 + Level 3.5 Fighting
 + Level 3.2 Long Blades
 * Level 1.5 Throwing
 + Level 3.5 Armour
 + Level 1.1 Dodging
 + Level 3.4 Shields


You had 4 spell levels left.
You didn't know any spells.
Your spell library contained the following spells:

 Spells                   Type           Power      Damage    Failure   Level
 Cigotuvi's Dreadful Rot  Necr/Pois/Air  0%         N/A       96%         2
 Dispel Undead            Necr           0%         3d6       100%        4
 Death Channel            Necr           0%         N/A       100%        6


Dungeon Overview and Level Annotations

Branches:
Dungeon (4/15)
 Temple: D:4-7

Altars:


Message History

The gnoll hits you with a +0 whip.
You barely miss the gnoll.
The gnoll is heavily wounded.
The gnoll hits you but does no damage.
You closely miss the gnoll.
The gnoll is heavily wounded.
The gnoll hits you with a +0 whip. x2
You slash the gnoll!
You kill the gnoll!
You barely miss the gnoll.
The gnoll is moderately wounded.
The gnoll closely misses you. The gnoll hits you but does no damage.
You barely miss the gnoll.
The gnoll is moderately wounded.
The gnoll hits you with a +0 flail. The gnoll barely misses you.
You barely miss the gnoll.
The gnoll is heavily wounded.
The gnoll looks more healthy.
The gnoll barely misses you. The gnoll hits you but does no damage.
The gnoll hits you with a +0 flail. The gnoll closely misses you.
You closely miss the gnoll.
The gnoll is heavily wounded.
You block the gnoll's attack. x2
You hit the gnoll.
The gnoll is almost dead.
The gnoll hits you with a +0 flail. You block the gnoll's attack.
The gnoll hits you with a +0 flail!
* * * LOW HITPOINT WARNING * * *
The gnoll hits you from afar with a +0 spear.
* * * LOW HITPOINT WARNING * * *
You feel very mighty all of a sudden. The gnoll closely misses you.
The gnoll hits you from afar with a +0 spear.
* * * LOW HITPOINT WARNING * * *
It was a potion of resistance.
You feel protected. The gnoll hits you with a +0 flail.
* * * LOW HITPOINT WARNING * * *
The gnoll hits you from afar with a +0 spear.
You die...

######### ######.......#
#...##.......######
#..................
##.######.....>.... #@#
#.......... #g#
#....§.... ########g#
#.....<... ........g#
#......>.. .........#
#..†...... .........#
#.(....... ....g.....#
#..........
........(..#.............
.........#.#.###.........


You could see 3 gnolls.

Vanquished Creatures
  A hound (D:3)
  3 adders
  A gnoll (D:4)
  An ufetubus (D:4)
  A dart slug (D:2)
  7 bats
  8 endoplasms
  A giant cockroach (D:3)
  6 goblins
  2 hobgoblins
  3 jackals (D:1)
  13 kobolds
  2 quokkas (D:2)
  8 ball pythons
  4 frilled lizards
  6 rats
67 creatures vanquished.

Notes
Turn   | Place    | Note
-------+----------+-------------------------------------------
     0 | D:1      | Dorkslayer the Human Fighter began the quest for the Orb.
     0 | D:1      | Reached XP level 1. HP: 18/18 MP: 1/1
   474 | D:1      | Reached XP level 2. HP: 21/24 MP: 2/2
   687 | D:1      | Reached XP level 3. HP: 29/29 MP: 3/3
  1605 | D:3      | Reached XP level 4. HP: 29/35 MP: 4/4
  2067 | D:3      | Found a faded altar of an unknown god.
  2300 | D:4      | Reached skill level 1 in Throwing
  2300 | D:4      | Reached XP level 5. HP: 27/41 MP: 5/5
  2312 | D:3      | Reached skill level 1 in Dodging
  2421 | D:4      | HP: 1/41 [gnoll/+0 flail (4)]
  2421 | D:4      | Slain by a gnoll

Illustrated notes

Levels and vault maps discovered:
D:1:      dpeg_arrival_tiny_b, layout_loops_corners
D:2:      layout_basic
D:3:      layout_basic, shapermc_ecumenical_altar_mp_highgroup, fountainhead
D:4:      layout_rooms, led_sif_book, nicolae_ossuary_entry_ruins

Skill      XL: |  1  2  3  4  5 |
---------------+----------------+-----
Long Blades    | 3 |  3.2
Throwing       | 1 |  1.5
Dodging        | 1 |  1.1
Fighting       | |  3.5
Armour         | |  3.5
Shields        | |  3.4

Action                   |  1- 3 |  4- 6 || total
-------------------------+-------+-------++-------
Melee: Long sword        |   111 |    87 ||   198
Throw: Dart              |    11 |     4 ||    15
  Use: Scroll            |     5 |     1 ||     6
       Potion            |       |     2 ||     2
Armor: Scale mail        |    52 |    53 ||   105
Dodge: Dodged            |    40 |    63 ||   103
Block: Buckler           |    37 |    41 ||    78

Table legend: (Time is in decaauts)
 A = Elapsed time spent in this place.
 B = Non-inter-level travel time spent in this place.
 C = Inter-level travel time spent in this place.
 D = Time resting spent in this place.
 E = Time spent auto-exploring this place.
 F = Levels seen in this place.
 G = Mean time per level.
                   A        B        C        D        E       F      G
               +--------+--------+--------+--------+--------+-----+--------+
         Total |   2484 |   2484 |      0 |     70 |   1283 |   4 |  621.0 |
       Dungeon |   2484 |   2484 |      0 |     70 |   1283 |   4 |  621.0 |
               +--------+--------+--------+--------+--------+-----+--------+

Top non-repeatable levels by time:
     D:3: 918 daAuts
     D:1: 845 daAuts
     D:2: 628 daAuts
     D:4: 92 daAuts
